 Dungeon Crawl Stone Soup version 0.29-a0-284-gf9362112df (webtiles) character file.

Game seed: 8668704055129703504

17 GigaChad the Ruffian (level 2, 0/26 HPs)
             Began as a Troll Transmuter on Mar 31, 2022.
             Slain by an adder (1 damage)
             ... on level 2 of the Dungeon.
             The game lasted 00:02:27 (256 turns).

GigaChad the Ruffian (Troll Transmuter)              Turns: 256, Time: 00:02:27

Health: 0/26       AC:  4    Str: 17    XL:     2   Next: 44%
Magic:  3/3        EV:  9    Int:  9    God:
Gold:   4          SH:  0    Dex: 10    Spells: 2/3 levels left

rFire   . . .      SeeInvis .   e - +0 glaive
rCold   . . .      Faith    .   (shield currently unavailable)
rNeg    . . .      Spirit   .   a - +0 robe
rPois   .          Reflect  .   (helmet restricted)
rElec   .          Harm     .   (no cloak)
rCorr   .          Rampage  .   (gloves unavailable)
Will    .....                   (boots unavailable)
Stlth   +.........              (no amulet)
HPRegen 0.88/turn               (no ring)
MPRegen 0.08/turn               (no ring)

@: no status effects
A: large, unfitting armour, claws 3, regeneration 1, shaggy fur 1, tough skin 1
a: no special abilities


You were on level 2 of the Dungeon.
You visited 1 branch of the dungeon, and saw 2 of its levels.

You collected 4 gold pieces.

Inventory:

Hand Weapons
 e - a +0 glaive (weapon)
 f - a +0 spear
Armour
 a - a +0 robe (worn)
 c - a +0 ring mail
Potions
 b - a potion of lignification
 d - a potion of heal wounds {unknown}
 g - 2 potions of flight {unknown}
 h - a potion of cancellation {unknown}


   Skills:
 + Level 0.7 Fighting
 + Level 1.6 Dodging
 + Level 3.5 Unarmed Combat
 + Level 1.4 Spellcasting
 + Level 1.5 Transmutations


You had 2 spell levels left.
You knew the following spells:

 Your Spells              Type           Power      Damage    Failure   Level
a - Beastly Appendage     Tmut           6%         N/A       19%         1

Your spell library contained the following spells:

 Spells                   Type           Power      Damage    Failure   Level
 Wereblood                Tmut           3%         N/A       28%         2
 Spider Form              Tmut/Pois      2%         N/A       61%         3
 Ice Form                 Ice/Tmut       2%         N/A       95%         4


Dungeon Overview and Level Annotations

Branches:
Dungeon (2/15)

Altars:


Innate Abilities, Weirdness & Mutations

You are too large for most types of armour.
You have claws for hands.
Your natural rate of healing is unusually fast.
You are covered in fur. (AC +1)
You have tough skin. (AC +1)


Message History

You barely miss the worm. The goblin hits you but does no damage.
The hobgoblin hits you. The goblin hits you with a +0 dagger.
The worm bites you! The goblin hits you but does no damage.
The hobgoblin hits you. The goblin hits you but does no damage.
You hit the worm.
The worm is lightly wounded.
The goblin hits you but does no damage. The hobgoblin barely misses you.
The goblin hits you but does no damage. The worm bites you.
The goblin closely misses you. The goblin hits you but does no damage.
The hobgoblin misses you.
You slash the worm!
The worm is heavily wounded.
The adder bites you but does no damage. The adder closely misses you.
The goblin closely misses you. The goblin barely misses you.
The hobgoblin barely misses you. The worm bites you. The adder bites you.
* * * LOW HITPOINT WARNING * * *
You are poisoned.
The adder poisons you! The hobgoblin attacks as you move away!
The hobgoblin closely misses you.
You feel sick.
The goblin hits you but does no damage. x2
The adder closely misses you. The hobgoblin attacks as you move away!
The hobgoblin hits you.
* * * LOW HITPOINT WARNING * * *
The adder attacks as you move away! The adder bites you but does no damage.
You feel sick.
You feel sick. The adder bites you but does no damage.
The hobgoblin hits you but does no damage.
You feel sick. The adder barely misses you.
The adder bites you but does no damage.
You feel sick. The hobgoblin attacks as you move away! The hobgoblin hits you.
* * * LOW HITPOINT WARNING * * *
Found a spear.
* * * LOW HITPOINT WARNING * * *
You feel sick.
* * * LOW HITPOINT WARNING * * *
You feel sick.
You are no longer poisoned.
The adder bites you.
You die...

. .# ##.#
..)
####.####
#.......#
#@......#
#Sg.....###
#.gw.......
#.g.....#
#.......#
#.......#
#..)....#
#..(.<..#
#########


You could see a worm, an adder, a hobgoblin and 2 goblins.

Vanquished Creatures
  A gnoll (D:1)
  2 goblins
  A hobgoblin (D:1)
  A kobold (D:1)
  2 frilled lizards (D:1)
7 creatures vanquished.

Notes
Turn   | Place    | Note
-------+----------+-------------------------------------------
     0 | D:1      | GigaChad the Troll Transmuter began the quest for the Orb.
     0 | D:1      | Reached XP level 1. HP: 18/18 MP: 1/1
   148 | D:1      | Reached XP level 2. HP: 18/26 MP: 2/2
   255 | D:2      | HP: 1/26 [hobgoblin (2)]
   256 | D:2      | Slain by an adder

Illustrated notes

Levels and vault maps discovered:
D:1:      dpeg_arrival_brainrot, layout_basic
D:2:      layout_rooms

Action                   || total
-------------------------++-------
Melee: Unarmed           ||     8
       Glaive            ||    19
  Use: Scroll            ||     1
Armor: Robe              ||    27
Dodge: Dodged            ||    29

Table legend: (Time is in decaauts)
 A = Elapsed time spent in this place.
 B = Non-inter-level travel time spent in this place.
 C = Inter-level travel time spent in this place.
 D = Time resting spent in this place.
 E = Time spent auto-exploring this place.
 F = Levels seen in this place.
 G = Mean time per level.
                   A        B        C        D        E       F      G
               +--------+--------+--------+--------+--------+-----+--------+
         Total |    268 |    218 |     50 |      0 |      0 |   2 |  134.0 |
       Dungeon |    268 |    218 |     50 |      0 |      0 |   2 |  134.0 |
               +--------+--------+--------+--------+--------+-----+--------+

Top non-repeatable levels by time:
     D:1: 245 daAuts
     D:2: 22 daAuts
